 Dungeon Crawl Stone Soup version 0.31-a0-355-g57cb03d3e8 (webtiles) character file.

Game seed: 14542038031163037890

86 Newt the Changeling (level 4, -8/37 HPs)
             Began as a Merfolk Shapeshifter on July 24, 2023.
             Mangled by a gnoll
             ... wielding a +0 spear
              (10 damage)
             ... on level 2 of the Dungeon.
             The game lasted 00:01:22 (1286 turns).

Newt the Changeling (Merfolk Shapeshifter)          Turns: 1286, Time: 00:01:23

Health: -8/37      AC:  2    Str: 17    XL:     4   Next: 49%
Magic:  4/4        EV: 13    Int:  7    God:
Gold:   40         SH:  0    Dex: 14    Spells: 3/3 levels left

rFire   . .          .
                       - Unarmed
rCold   . . .        (no shield)
rNeg    . . .        a - +0 animal skin
rPois   .            (helmet currently unavailable)
rElec   .            (cloak currently unavailable)
rCorr   .            (gloves currently unavailable)
SInv    .            (boots currently unavailable)
Will    .....        (no amulet)
Stlth   +            (no ring)
HPRegen 0.26/turn    (no ring)
MPRegen 0.09/turn

%: no passive effects
@: beast-form
A: beast (slay +2), (nimble swimmer 2), mertail
a: Begin Untransformation


You were on level 2 of the Dungeon.
You were a hulking beast.
You visited 1 branch of the dungeon, and saw 2 of its levels.

You collected 40 gold pieces.

Inventory:

Armour
 a - a +0 animal skin (worn)
Jewellery
 i - a +6 ring of strength
Talismans
 c - a beast talisman
Scrolls
 d - a scroll of amnesia
 e - a scroll of teleportation
 f - a scroll of blinking
 h - 3 scrolls of identify


   Skills:
 - Level 4.0 Fighting
 + Level 3.8 Dodging
 - Level 3.2 Unarmed Combat
 - Level 4.0 Shapeshifting


You had 3 spell levels left.
You didn't know any spells.
Your spell library was empty.

Dungeon Overview and Level Annotations

Branches:
Dungeon (2/15)

Altars:


Innate Abilities, Weirdness & Mutations

You are a hulking beast.
Your limbs bulge with bestial killing power. (Slay +2)
((You are very nimble when in or above water. (Stealth+, EV+, Speed+++)))
Your lower body shifts to a powerful aquatic tail in water.


Message History

A gnoll is nearby!
Unknown command.
Okay, then.
It was a potion of curing.
You feel better. The gnoll hits you but does no damage.
Unknown command.
A gnoll is nearby!
A gnoll is nearby!
The gnoll hits you from afar with a +0 spear.
The gnoll hits you from afar with a +0 spear.
* * * LOW HITPOINT WARNING * * *
Your transformation is almost over.
The gnoll hits you but does no damage. The gnoll hits you but does no damage.
The gnoll hits you but does no damage. The gnoll hits you but does no damage.
The gnoll hits you but does no damage. The gnoll hits you but does no damage.
The gnoll hits you but does no damage.
The gnoll hits you from afar with a +0 spear.
* * * LOW HITPOINT WARNING * * *
The gnoll hits you but does no damage. The gnoll hits you but does no damage.
You feel less wooden.
Your +0 animal skin unmelds from your body.
You turn into a hulking beast.
The gnoll hits you from afar with a +0 spear.
* * * LOW HITPOINT WARNING * * *
The gnoll hits you from afar with a +0 spear.
* * * LOW HITPOINT WARNING * * *
The gnoll closely misses you.
Things that are here:
a +0 whip; a +0 flail; a gnoll corpse You hit the gnoll but do no damage.
The gnoll is heavily wounded.
The gnoll barely misses you.
You hit the gnoll.
The gnoll is almost dead.
The gnoll hits you with a +0 spear!
You die...

#.#####.# #.#.....# ###
#.#.##..#####.##
#.#.##.........##
#>......###.....######
#####.##### ##..........
#.....).# ##.#######.
#.###.#.# #.# #. #.# #.#h#
#.# #. #.# #.#g# ##+# #.
#.###.#.# ##...## #.
#.......# ##.....## ##
#####.### ##.......## #
#g†.# #.........####
............+.........'...
######...####.........####
#..## #.......## #


You could see a gnoll.

Vanquished Creatures
  3 gnolls (D:2)
  An adder (D:2)
  A dart slug (D:1)
  5 ball pythons (D:1)
  6 bats
  6 endoplasms
  2 goblins
  5 hobgoblins
  5 jackals
  A quokka (D:1)
  3 frilled lizards
  3 kobolds
  A rat (D:1)
42 creatures vanquished.

Notes
Turn   | Place    | Note
-------+----------+-------------------------------------------
     0 | D:1      | Newt the Merfolk Shapeshifter began the quest for the Orb.
     0 | D:1      | Reached XP level 1. HP: 15/15 MP: 1/1
   108 | D:1      | Reached XP level 2. HP: 22/22 MP: 2/2
   443 | D:1      | Reached XP level 3. HP: 29/29 MP: 3/3
  1263 | D:2      | Reached XP level 4. HP: 17/37 MP: 4/4
  1286 | D:2      | Mangled by a gnoll

Illustrated notes

Levels and vault maps discovered:
D:1:      lemuel_arrival_funnel, layout_rooms, serial_forest,
          infiniplex_forest_clump_long, infiniplex_forest_lined_4_way,
          infiniplex_forest_end_1, infiniplex_forest_lined_2,
          infiniplex_forest_straight_1
D:2:      layout_loops_corners, st_stairs_13

Skill      XL: |  1  2  3 |
---------------+----------+-----
Fighting       | 2 3 4 |  4.0
Dodging        | 3 |  3.8
Unarmed Combat | |  3.2
Shapeshifting  | |  4.0

Action                     |  1- 3 |  4- 6 || total
---------------------------+-------+-------++-------
  Melee: Unarmed           |   118 |     7 ||   125
         Punch             |     3 |       ||     3
    Use: Scroll            |     5 |       ||     5
         Potion            |     1 |     1 ||     2
 Armour: Animal skin       |    21 |       ||    21
         Skin              |     9 |    13 ||    22
  Dodge: Dodged            |    81 |     2 ||    83

Table legend: (Time is in decaauts)
 A = Elapsed time spent in this place.
 B = Non-inter-level travel time spent in this place.
 C = Inter-level travel time spent in this place.
 D = Time resting spent in this place.
 E = Time spent auto-exploring this place.
 F = Levels seen in this place.
 G = Mean time per level.
                   A        B        C        D        E       F      G
               +--------+--------+--------+--------+--------+-----+--------+
         Total |   1278 |   1249 |     29 |    120 |    891 |   2 |  639.0 |
       Dungeon |   1278 |   1249 |     29 |    120 |    891 |   2 |  639.0 |
               +--------+--------+--------+--------+--------+-----+--------+

Top non-repeatable levels by time:
     D:1: 875 daAuts
     D:2: 403 daAuts
